 Dungeon Crawl Stone Soup version 0.23.2-33-g5129a83184 (webtiles) character file.

Game seed: 2711434227616465040

219 Marnok the Shield-Bearer (level 6, 0/47 HPs)
             Began as a Human Fighter on July 25, 2019.
             Slain by an orc
             ... wielding a +0 flail
              (2 damage)
             ... on level 4 of the Dungeon.
             The game lasted 00:09:05 (2543 turns).

Marnok the Shield-Bearer (Human Fighter)            Turns: 2543, Time: 00:09:05

Health: 0/47       AC:  6    Str: 15 (18) XL:     6   Next: 18%
Magic:  6/6        EV:  7    Int:  8      God:
Gold:   242        SH:  8    Dex:  6 (13) Spells: 5/5 levels left

rFire    . . .     SeeInvis +   a - +0 war axe
rCold    . . .     Gourm    .   c - +0 shield
rNeg     . . .     Faith    .   b - +0 scale mail
rPois    .         Spirit   .   (no helmet)
rElec    .         Reflect  .   (no cloak)
rCorr    .         Harm     .   (no gloves)
MR       .....                  (no boots)
Stlth    ..........             (no amulet)
HPRegen  0.15/turn              (no ring)
MPRegen  0.10/turn              (no ring)

@: very slightly contaminated
A: icy blue scales 1, see invisible, deformed body
a: no special abilities


You were on level 4 of the Dungeon.
You were not hungry.

You visited 1 branch of the dungeon, and saw 4 of its levels.

You collected 242 gold pieces.

Inventory:

Hand Weapons
 a - a +0 war axe (weapon)
 d - a +0 vampiric hand axe
 m - a +0 falchion of holy wrath
Missiles
 g - 2 tomahawks (quivered)
Armour
 b - a +0 scale mail (worn)
 c - a +0 shield (worn)
 n - a +0 large shield
Jewellery
 o - a cursed -4 ring of intelligence {unknown}
Scrolls
 j - a scroll of teleportation {unknown}
 k - 2 scrolls of remove curse {unknown}
Potions
 e - 2 potions of mutation
Comestibles
 f - 4 rations
 p - 9 chunks of flesh


   Skills:
 + Level 3.6 Fighting
 + Level 3.6 Axes
 + Level 3.7 Armour
 + Level 1.1 Dodging
 + Level 0.8 Stealth
 + Level 4.2 Shields


You had 5 spell levels left.
You didn't know any spells.
Your spell library was empty.

Dungeon Overview and Level Annotations

Branches:
Dungeon (4/15)
 Temple: D:4-7

Altars:


Innate Abilities, Weirdness & Mutations

You are partially covered in icy blue scales. (AC +2)
You have supernaturally acute eyesight. (SInv)
Armour fits poorly on your strangely shaped body.


Message History

You slash the orc!
You kill the orc!
The orc wizard hits you but does no damage.
The orc wizard points at you and mumbles some strange words.
The magic dart hits you.
* * * LOW HITPOINT WARNING * * *
The orc shouts!
You hit the orc wizard.
You kill the orc wizard!
You hit the orc. The orc closely misses you.
You completely miss the orc.
The orc is moderately wounded.
You block the orc's attack.
You closely miss the orc.
The orc is moderately wounded.
You block the orc's attack.
You closely miss the orc.
The orc is moderately wounded.
You block the orc's attack. The orc hits you with a +0 flail.
You die...

.##.......^..##
..............#
........o.....#
......o.o....## #
......oo.#....#####.
#####...##.........
##..####.......#
#####..## #.......#
##..@#..# ##.......
#...)o.### #.......
#........# #....<..
#.......## ##.......
#.....### #........
###.รท.).## #..<.....
#...)[..# #........
#..........##........
#...##........##.......


You could see an orc.

Vanquished Creatures
  A quasit (D:4)
  A hound (D:4)
  2 orc wizards (D:4)
  2 adders
  3 worms (D:2)
  A dart slug (D:1)
  3 leopard geckos
  11 orcs
  A ball python (D:3)
  4 bats (D:2)
  3 giant cockroaches
  5 goblins
  8 hobgoblins
  3 jackals (D:2)
  6 kobolds
  3 frilled lizards
  8 rats
65 creatures vanquished.

Vanquished Creatures (others)
  An orc (D:4)
1 creature vanquished.

Grand Total: 66 creatures vanquished

Notes
Turn   | Place    | Note
-------+----------+-------------------------------------------
     0 | D:1      | Marnok the Human Fighter began the quest for the Orb.
     0 | D:1      | Reached XP level 1. HP: 18/18 MP: 1/1
   199 | D:1      | Reached XP level 2. HP: 24/24 MP: 2/2
   774 | D:2      | Reached XP level 3. HP: 29/29 MP: 3/3
   922 | D:2      | Reached XP level 4. HP: 26/35 MP: 4/4
  1784 | D:2      | Gained mutation: You are partially covered in icy blue
                  | scales. (AC +2) [potion of mutation]
  1784 | D:2      | Gained mutation: Armour fits poorly on your strangely
                  | shaped body. [potion of mutation]
  1784 | D:2      | Gained mutation: You have supernaturally acute eyesight.
                  | (SInv) [potion of mutation]
  2468 | D:4      | Reached XP level 5. HP: 25/41 MP: 5/5
  2506 | D:4      | Reached skill level 1 in Dodging
  2506 | D:4      | Reached skill level 4 in Shields
  2535 | D:4      | Reached XP level 6. HP: 20/47 MP: 6/6
  2539 | D:4      | HP: 1/47 [orc wizard/magic dart (4)]
  2543 | D:4      | Slain by an orc

Skill      XL: |  1  2  3  4  5 |
---------------+----------------+-----
Axes           | 3 |  3.6
Dodging        | 1 |  1.1
Shields        | 4 |  4.2
Fighting       | |  3.6
Armour         | |  3.7
Stealth        | |  0.8

Action                   |  1- 3 |  4- 6 || total
-------------------------+-------+-------++-------
Melee: War axe           |    81 |   124 ||   205
  Use: Potion            |       |     6 ||     6
       Scroll            |       |     2 ||     2
 Stab: Invisible         |       |     4 ||     4
  Eat: Chunk             |       |     2 ||     2
       Ration            |       |     1 ||     1
Armor: Scale mail        |    46 |    91 ||   137
Dodge: Dodged            |    32 |    80 ||   112
Block: Shield            |    46 |   107 ||   153
